 Dungeon Crawl Stone Soup version 0.28-a0-1167-g616b1c6417 (webtiles) character file.

Game seed: 2744271723245656168

18 Fortus the Slasher (level 2, -2/22 HPs)
             Began as a Demonspawn Gladiator on Dec 16, 2021.
             Slain by Jessica (6 damage)
             ... on level 2 of the Dungeon.
             The game lasted 00:01:03 (1196 turns).

Fortus the Slasher (Demonspawn Gladiator)           Turns: 1196, Time: 00:01:04

Health: -2/22      AC:  4    Str: 14    XL:     2   Next: 48%
Magic:  2/2        EV: 12    Int:  9    God:
Gold:   69         SH:  0    Dex: 14    Spells: 1/1 levels left

rFire   . . .      SeeInvis .   a - +0 long sword
rCold   . . .      Faith    .   (no shield)
rNeg    . . .      Spirit   .   b - +0 leather armour
rPois   .          Reflect  .   c - +0 helmet
rElec   .          Harm     .   (no cloak)
rCorr   .          Rampage  .   (no gloves)
Will    .....                   (no boots)
Stlth   +.........              (no amulet)
HPRegen 0.07/turn               (no ring)
MPRegen 0.08/turn               (no ring)

@: no status effects
A: spiny 1
a: no special abilities


You were on level 2 of the Dungeon.
You visited 1 branch of the dungeon, and saw 2 of its levels.

You collected 69 gold pieces.

Inventory:

Hand Weapons
 a - a +0 long sword (weapon)
Missiles
 d - 3 throwing nets (quivered)
Armour
 b - a +0 leather armour (worn)
 c - a +0 helmet (worn)
Scrolls
 e - a scroll of teleportation {unknown}
 f - a scroll of acquirement {unknown}


   Skills:
 - Level 2.0 Fighting
 + Level 3.5 Long Blades
 - Level 1.7 Throwing
 - Level 2.6 Dodging


You had one spell level left.
You didn't know any spells.
Your spell library was empty.

Dungeon Overview and Level Annotations

Branches:
Dungeon (2/15)

Altars:

Annotations:
D:2 Jessica


Innate Abilities, Weirdness & Mutations

You are partially covered in sharp spines.


Message History

Done exploring.
There is an escape hatch in the floor here.
You slide downwards.
The hatch slams shut behind you.
Found 14 gold pieces.
You now have 69 gold pieces (gained 14).
A frilled lizard comes into view.
A frilled lizard is nearby!
The frilled lizard hisses angrily.
You barely miss the frilled lizard. The frilled lizard bites you.
You hit the frilled lizard.
You kill the frilled lizard!
No target in view!
HP restored.
You see here a frilled lizard corpse.
Jessica the Apprentice Sorceress comes into view.
She is wielding a +0 club.
Jessica mumbles something strange.
Jessica is nearby!
Found 16 stones.
Jessica is struck by your spines. Jessica hits you but does no damage.
You see here 9 gold pieces.
You hit Jessica.
Jessica is heavily wounded.
Jessica grins evilly.
Jessica mumbles some strange words.
Jessica seems to speed up.
You completely miss Jessica.
Jessica is heavily wounded.
Jessica barely misses you. Jessica is struck by your spines.
Jessica hits you with a +0 club.
You closely miss Jessica.
Jessica is severely wounded.
Jessica misses you. Jessica gestures at you while chanting.
Pain shoots through your body!
Ouch! That really hurt!
* * * LOW HITPOINT WARNING * * *
You closely miss Jessica.
Jessica is severely wounded.
Jessica hits you with a +0 club.
You die...

## ##... ......
###...(..
########.@..#
#...†...@.#
####.###....##
##.###....##....##
.......#####.##.#
#..##### #. #.# #
.. #.. .## #.## ..
#.+


You could see Jessica (fast).

Vanquished Creatures
  2 endoplasms (D:1)
  A giant cockroach (D:1)
  5 goblins (D:1)
  A quokka (D:1)
  A ball python (D:1)
  A bat (D:1)
  2 frilled lizards
  4 kobolds (D:1)
17 creatures vanquished.

Notes
Turn   | Place    | Note
-------+----------+-------------------------------------------
     0 | D:1      | Fortus the Demonspawn Gladiator began the quest for the
                  | Orb.
     0 | D:1      | Reached XP level 1. HP: 16/16 MP: 1/1
   581 | D:1      | Reached skill level 3 in Long Blades
   681 | D:1      | Gained mutation: You are partially covered in sharp spines.
                  | [demonic ancestry]
   681 | D:1      | Reached XP level 2. HP: 14/22 MP: 2/2
  1189 | D:2      | Noticed Jessica
  1196 | D:2      | Slain by Jessica

Illustrated notes

Levels and vault maps discovered:
D:1:      wander_arrival_desolate, layout_loops_cross
D:2:      layout_rooms, minmay_rat_gold_closets, uniq_robin, uniq_natasha,
          uniq_jessica

Skill      XL: |  1 |
---------------+----+-----
Long Blades    | 3 |  3.5
Fighting       | |  2.0
Throwing       | |  1.7
Dodging        | |  2.6

Action                   || total
-------------------------++-------
Melee: Long sword        ||    49
Armor: Leather armour    ||     7
Dodge: Dodged            ||    27

Table legend: (Time is in decaauts)
 A = Elapsed time spent in this place.
 B = Non-inter-level travel time spent in this place.
 C = Inter-level travel time spent in this place.
 D = Time resting spent in this place.
 E = Time spent auto-exploring this place.
 F = Levels seen in this place.
 G = Mean time per level.
                   A        B        C        D        E       F      G
               +--------+--------+--------+--------+--------+-----+--------+
         Total |   1207 |   1190 |     17 |      0 |   1067 |   2 |  603.5 |
       Dungeon |   1207 |   1190 |     17 |      0 |   1067 |   2 |  603.5 |
               +--------+--------+--------+--------+--------+-----+--------+

Top non-repeatable levels by time:
     D:1: 1165 daAuts
     D:2: 41 daAuts
